 Dungeon Sprint DCSS version 0.19.0-18-g426998a (webtiles) character file.

1196 poirepourri the Devastator (level 8, -1/43 HPs)
             Began as a Deep Elf Conjurer on Nov 11, 2016.
             Was an Initiate of Vehumet.
             Slain by a deep troll (16 damage)
             ... in the Dungeon (Sprint I: "Red Sonja").
             The game lasted 00:01:46 (1059 turns).

poirepourri the Devastator (Deep Elf Conjurer)      Turns: 1059, Time: 00:01:46

Health: -1/43      AC:  4    Str:  5    XL:     8   Next: 20%
Magic:  12/21      EV: 17    Int: 23    God:    Vehumet [......]
Gold:   464        SH:  0    Dex: 15    Spells: 6 memorised, 3 levels left

rFire  . . .     SeeInvis .     k - +1 dagger (drain)
rCold  . . .     Gourm    .     a - +0 robe
rNeg   . . .     Faith    .     (no shield)
rPois  .         Spirit   .     (no helmet)
rElec  .         Reflect  .     (no cloak)
rCorr  .         Harm     .     h - +0 pair of gloves
MR     .....     NoTele   +     j - +0 pair of boots
Stlth  +++.......               (no amulet)
                                (no ring)
                                (no ring)

@: very slightly contaminated
A: no striking features
a: Renounce Religion


You were in the Dungeon.
You worshipped Vehumet.
Vehumet was noncommittal.
You were not hungry.

You visited 1 branch You collected 513 gold pieces.
You spent 49 gold pieces at shops.

Inventory:

Hand Weapons
 k - a +1 dagger of draining (weapon)
Armour
 a - a +0 robe (worn)
 h - a +0 pair of gloves (worn)
 j - a +0 pair of boots (worn)
Potions
 c - a potion of mutation {unknown}
 d - a potion of curing
 e - 2 potions of heal wounds
 f - a potion of haste
 g - 2 potions of magic
Books
 b - a book of Conjurations

   Spells                             Type                      Level
   a - Magic Dart                     Conjuration                  1
   b - Searing Ray                    Conjuration                  2
   c - Dazzling Spray                 Conjuration/Hexes            3
   d - Fulminant Prism                Conjuration/Hexes            4
   e - Iskenderun's Mystic Blast      Conjuration                  4
   f - Iskenderun's Battlesphere      Conjuration/Charms           5


   Skills:
 + Level 1.5 Fighting
 + Level 7.1 Dodging
 + Level 5.6 Stealth
 - Level 0.1 Unarmed Combat
 + Level 7.9 Spellcasting
 + Level 16.5 Conjurations


You had 3 spell levels left.
You knew the following spells:

 Your Spells              Type           Power        Failure   Level  Hunger
a - Magic Dart            Conj           ####         0%          1    None
b - Searing Ray           Conj           ######       0%          2    None
c - Dazzling Spray        Conj/Hex       #####.       1%          3    None
d - Fulminant Prism       Conj/Hex       #####.....   2%          4    ###....
e - Iskenderun's Mystic   Conj           ######..     1%          4    ###....
f - Iskenderun's Battles  Conj/Chrm      #####...     10%         5    #####..


Dungeon Overview and Level Annotations

Branches:
Dungeon (1/1)

Altars:
Cheibriados
Dithmenos
Elyvilon
Fedhas
Gozag
Hepliaklqana
Kikubaaqudgha
Makhleb
Nemelex Xobeh
Okawaru
Qazlal
Ru
Sif Muna
Trog
Uskayaw
Vehumet
Xom
Yredelemnul
Zin
The Shining One
Jiyva
Lugonu

Shops:
D [


Message History

Aim: a deep troll (lightly drained)
The spray of energy hits the deep troll.
The deep troll is lightly wounded.
Casting: Dazzling Spray
Confirm with . or Enter, or press ? or * to list all spells.
Aiming: Dazzling Spray
Press: ? - help, Shift-Dir - straight line, f/p - deep troll
Aim: a deep troll (lightly wounded, lightly drained)
The spray of energy hits the deep troll.
The deep troll is moderately wounded.
There is an open door here.
You see here a curare-tipped needle.
Casting: Dazzling Spray
Confirm with . or Enter, or press ? or * to list all spells.
Aiming: Dazzling Spray
Press: ? - help, Shift-Dir - straight line, f/p - deep troll
Aim: a deep troll (moderately wounded, lightly drained)
The spray of energy misses the deep troll.
The deep troll bites you. The deep troll claws you!
You die...

######################
#<.#..'..#..'..#__#..+
#..').#..)..#..'..+..#
#.)#####'#####'#__####
#..####..#...#[####
#..#__####..##.#
#..#_____##'#..+
#⌠⌠#_.∩...'.(._#
####_..__##_@#'#
#_____###T#.#
#########)####+###
+...'$$.$$+
#...####### ##.## #+#


You could see a deep troll.

Vanquished Creatures
  Sonja (D)
  A slime creature (D)
  Sigmund (D)
  A yak (D)
  An ogre (D)
  A jelly (D)
  Ijyb (D)
7 creatures vanquished.

Vanquished Creatures (others)
  A gargoyle (D)
  A fulminant prism (D)
2 creatures vanquished.

Grand Total: 9 creatures vanquished

Notes
Turn   | Place    | Note
-------+----------+-------------------------------------------
     0 | D        | poirepourri the Deep Elf Conjurer began the quest for the Orb.
     0 | D        | Reached XP level 1. HP: 10/10 MP: 6/6
     3 | D        | Noticed Ijyb
    14 | D        | Killed Ijyb
    14 | D        | Reached skill level 7 in Conjurations
    14 | D        | Reached XP level 2. HP: 10/15 MP: 1/8
   189 | D        | Learned a level 2 spell: Searing Ray
   196 | D        | Noticed an ogre
   199 | D        | Killed an ogre
   199 | D        | Reached skill level 9 in Conjurations
   199 | D        | Reached XP level 3. HP: 19/19 MP: 4/11
   199 | D        | Reached XP level 4. HP: 24/24 MP: 4/12
   210 | D        | Killed a gargoyle
   319 | D        | Learned a level 3 spell: Dazzling Spray
   324 | D        | Learned a level 4 spell: Fulminant Prism
   348 | D        | Noticed Sigmund
   349 | D        | Killed Sigmund
   349 | D        | Reached skill level 5 in Spellcasting
   349 | D        | Reached skill level 12 in Conjurations
   349 | D        | Reached XP level 5. HP: 28/28 MP: 6/15
   487 | D        | Found a deep blue altar of Sif Muna.
   493 | D        | Learned a level 4 spell: Iskenderun's Mystic Blast
   494 | D        | Found a radiant altar of Vehumet.
   495 | D        | Reached skill level 5 in Dodging
   495 | D        | Reached XP level 6. HP: 33/33 MP: 11/16
   531 | D        | Found Onum's Armour Emporium.
   531 | D        | Found an ancient bone altar of Kikubaaqudgha.
   531 | D        | Found a hazy altar of Hepliaklqana.
   531 | D        | Found a stormy altar of Qazlal.
   531 | D        | Found a hide-covered altar of Uskayaw.
   531 | D        | Found a blossoming altar of Fedhas.
   531 | D        | Found a bloodstained altar of Trog.
   531 | D        | Found an iron altar of Okawaru.
   531 | D        | Found a basalt altar of Yredelemnul.
   531 | D        | Found a glowing golden altar of the Shining One.
   531 | D        | Found a snail-covered altar of Cheibriados.
   531 | D        | Found a sacrificial altar of Ru.
   531 | D        | Found a glowing silver altar of Zin.
   531 | D        | Found a shadowy altar of Dithmenos.
   531 | D        | Found a white marble altar of Elyvilon.
   531 | D        | Noticed a yak
   534 | D        | Killed a yak
   534 | D        | Reached skill level 1 in Fighting
   534 | D        | Reached skill level 13 in Conjurations
   621 | D        | Found an opulent altar of Gozag.
   622 | D        | Found a sparkling altar of Nemelex Xobeh.
   626 | D        | Became a worshipper of Vehumet
   633 | D        | Bought a +0 pair of boots for 49 gold pieces
   651 | D        | Found a burning altar of Makhleb.
   651 | D        | Found a viscous altar of Jiyva.
   651 | D        | Found a shimmering altar of Xom.
   651 | D        | Found a corrupted altar of Lugonu.
   651 | D        | Noticed a slime creature
   655 | D        | Killed a slime creature
   655 | D        | Reached skill level 14 in Conjurations
   655 | D        | Reached XP level 7. HP: 38/38 MP: 1/19
   786 | D        | Noticed Sonja
   791 | D        | Killed Sonja
   791 | D        | Reached skill level 5 in Stealth
   791 | D        | Reached skill level 16 in Conjurations
   791 | D        | Reached XP level 8. HP: 24/43 MP: 3/21
  1001 | D        | Learned a level 5 spell: Iskenderun's Battlesphere
  1050 | D        | Noticed a deep troll
  1059 | D        | Slain by a deep troll

Skill      XL: |  1  2  3  4  5  6  7 |
---------------+----------------------+-----
Dodging        | 3 4 5 7 |  7.1
Conjurations   | 7 9 12 14 16 | 16.5
Stealth        | 3 4 5 |  5.6
Spellcasting   | 4 5 7 |  7.9
Fighting       | 1 |  1.5
Unarmed Combat | |  0.1

Action                   |  1- 3 |  4- 6 |  7- 9 || total
-------------------------+-------+-------+-------++-------
Melee: Unarmed           |     4 |       |       ||     4
       Dagger            |       |       |     1 ||     1
 Cast: Magic Dart        |     5 |     2 |       ||     7
       Searing Ray       |     1 |       |       ||     1
       Fulminant Prism   |       |     1 |       ||     1
       Iskenderun's Myst |       |     7 |     5 ||    12
       Dazzling Spray    |       |       |     3 ||     3
  Use: Potion            |     1 |       |       ||     1
       Scroll            |       |       |     1 ||     1
  Eat: Bread ration      |       |       |     1 ||     1
Armor: Robe              |     1 |       |     1 ||     2
Dodge: Dodged            |     2 |     2 |     8 ||    12
